 Dungeon Crawl Stone Soup version 0.22-a0-880-gb7b0c8b (webtiles) character file.

337185 Cunctator the Metallomancer (level 21, -2/114 HPs)
             Began as a Gargoyle Earth Elementalist on July 26, 2018.
             Was the Champion of Vehumet.
             Killed by divine providence
             ... invoked by a sphinx
              (14 damage)
             ... on level 5 of the Vaults on July 30, 2018.
             The game lasted 07:55:21 (74866 turns).

Cunctator the Metallomancer (GrEE)                 Turns: 74866, Time: 07:55:21

Health: -2/114     AC: 37    Str: 14      XL:     21   Next: 91%
Magic:  9/36       EV: 11    Int: 27      God:    Vehumet [******]
Gold:   3021       SH: 18    Dex:  9 (10) Spells: 13/43 levels left

rFire    + + .     SeeInvis .   f - staff of earth
rCold    + . .     Gourm    +   m - +5 shield
rNeg     + . .     Faith    .   P - quicksilver dragon scales
rPois    ∞         Spirit   .   E - +2 hat
rElec    +         Reflect  .   Q - scarf {repulsion}
rCorr    +         Harm     .   r - +2 pair of gloves
MR       ++++.                  h - +2 pair of boots {Fly}
Stlth    +.........             u - amulet of the gourmand
HPRegen  0.29/turn              s - ring of the Mage {Wiz MR++ Int+3}
MPRegen  0.25/turn              j - ring of protection from fire

@: resistant (expiring), flying, very slightly contaminated, hasted, repel
missiles, very quick
A: big wings, deterioration 1, negative energy resistance 1, electricity
resistance, unbreathing, petrification resistance, rot immunity, AC +16
}: 2/15 runes: barnacled, gossamer
a: Stop Flying, Renounce Religion


You were on level 5 of the Vaults.
You worshipped Vehumet.
Vehumet was exalted by your worship.
You were not hungry.

You visited 7 branches of the dungeon, and saw 37 of its levels.
You also visited: Sewer and Ice Cave.

You collected 3786 gold pieces.
You spent 765 gold pieces at shops.

Inventory:

Hand Weapons
 v - a +7 blowgun
 G - a +9 demon whip of freezing
Missiles
 b - 843 stones (quivered)
 B - 118 poisoned needles
Armour
 h - a +2 pair of boots of flying (worn)
 m - a +5 shield (worn)
 r - a +2 pair of gloves (worn)
 E - a +2 hat (worn)
 P - quicksilver dragon scales (worn)
 Q - a scarf of repulsion (worn)
Magical Staves
 f - an uncursed staff of earth (weapon)
 p - an uncursed staff of energy
 N - an uncursed staff of power
 X - an uncursed staff of conjuration
Jewellery
 j - a ring of protection from fire (right hand)
 s - the ring of the Mage (left hand) {Wiz MR++ Int+3}
   (You found it on level 6 of the Lair of Beasts)

   [ring of wizardry]

   It improves your spell success rate.
   It affects your intelligence (+3).
   It affects your resistance to hostile enchantments.
 u - an amulet of the gourmand (around neck)
 T - an uncursed ring of protection from magic
Wands
 l - a wand of paralysis (33)
 I - a wand of acid (28)
 J - a wand of enslavement (24)
 Y - a wand of iceblast (20)
 Z - a wand of digging (17)
Scrolls
 a - 6 scrolls of immolation
 c - a scroll of acquirement {unknown}
 e - 7 scrolls of teleportation
 q - a scroll of noise {unknown}
 t - 3 scrolls of magic mapping
 w - 2 scrolls of brand weapon
 y - a scroll of summoning {unknown}
 H - a scroll of torment {unknown}
 L - 7 scrolls of remove curse
 M - 4 scrolls of fog
 O - a scroll of enchant armour
 R - 4 scrolls of amnesia
 S - 2 scrolls of silence {unknown}
Potions
 g - a potion of cancellation
 i - 10 potions of might
 k - 3 potions of magic
 n - a potion of resistance
 x - 7 potions of brilliance
 z - 11 potions of curing
 C - 4 potions of agility
 D - 2 potions of haste
 F - 3 potions of ambrosia
 U - 2 potions of invisibility {unknown}
Miscellaneous
 o - a crystal ball of energy
 W - a lamp of fire
Comestibles
 d - 22 rations


   Skills:
 - Level 6.9 Fighting
 - Level 9.3(10.2) Maces & Flails
 - Level 6.7(9.0) Staves
 - Level 10.0 Armour
 - Level 1.5 Dodging
 - Level 2.1 Stealth
 - Level 15.0 Shields
 - Level 11.5 Spellcasting
 - Level 14.5 Conjurations
 - Level 12.0 Summonings
   Level 0.7 Transmutations
 + Level 25.6 Earth Magic
 - Level 5.0 Evocations


You had 13 spell levels left.
You knew the following spells:

 Your Spells              Type           Power        Failure   Level  Hunger
a - Spellforged Servitor  Conj/Summ      ######....   2%          7    ######.
b - Stone Arrow           Conj/Erth      ######       0%          3    None
c - Lee's Rapid Deconstr  Erth           ########..   0%          5    ###....
d - Iron Shot             Conj/Erth      ########..   1%          6    #####..
e - Shatter               Erth           ########..   2%          9    #######

Your spell library contained the following spells:

 Spells                   Type           Power        Failure   Level  Hunger
 Cause Fear               Hex            ###.......   26%         4    None
 Apportation              Tloc           ###...       2%          1    None
 Bolt of Magma            Conj/Fire/Erth #######...   1%          5    ###....
 Slow                     Hex            ###.....     4%          2    None
 Confuse                  Hex            ###.....     8%          3    None
 Invisibility             Hex            ###.....     98%         6    #####..
 Venom Bolt               Conj/Pois      ######....   1%          5    ###....
 Summon Small Mammal      Summ           ####         1%          1    None
 Bolt of Draining         Conj/Necr      ######....   1%          5    ###....
 Summon Ice Beast         Ice/Summ       #####...     2%          4    None
 Call Imp                 Summ           ######..     1%          2    None
 Dispel Undead            Necr           ###.....     54%         5    ###....
 Sublimation of Blood     Necr           ###.......   4%          2    None
 Tukima's Dance           Hex            ###.....     8%          3    None
 Corpse Rot               Necr           N/A          4%          2    None
 Agony                    Necr           ###.....     54%         5    ###....
 Spider Form              Tmut/Pois      ###.......   6%          3    None
 Blade Hands              Tmut           ###.......   45%         5    ###....
 Ice Form                 Ice/Tmut       ###.....     21%         4    None
 Deflect Missiles         Chrm/Air       ###.......   98%         6    #####..
 Confusing Touch          Hex            ###...       2%          1    None
 Passwall                 Tmut/Erth      #######.     1%          2    None
 Sticks to Snakes         Tmut           ###.....     2%          2    None
 Call Canine Familiar     Summ           ######..     1%          3    None
 Metabolic Englaciation   Hex/Ice        ###.......   54%         5    ###....
 Summon Butterflies       Summ           ######..     1%          1    None
 Silence                  Hex/Air        ###.......   54%         5    ###....
 Corona                   Hex            ###....      2%          1    None
 Alistair's Intoxication  Tmut/Pois      ###.....     50%         5    ###....
 Sandblast                Erth           ######       0%          1    None
 Conjure Ball Lightning   Conj/Air       ######....   6%          6    #####..
 Excruciating Wounds      Chrm/Necr      ###.......   54%         5    ###....
 Portal Projectile        Hex/Tloc       ###...       8%          3    None
 Petrify                  Tmut/Erth      #######.     1%          4    None
 Orb of Destruction       Conj           #######...   1%          7    ######.
 Tornado                  Air            ###.......   100%        9    #######
 Leda's Liquefaction      Hex/Erth       #######...   1%          4    None
 Shroud of Golubria       Chrm/Tloc      ###.......   4%          2    None
 Inner Flame              Hex/Fire       ###.....     2%          3    None
 Beastly Appendage        Tmut           ###...       1%          1    None
 Iskenderun's Battlesphe  Conj/Chrm      ######..     1%          5    ###....
 Song of Slaying          Chrm           ###.....     4%          2    None
 Spectral Weapon          Hex/Chrm       ###.....     8%          3    None
 Summon Lightning Spire   Summ/Air       #####...     2%          4    None
 Summon Guardian Golem    Hex/Summ       #####...     1%          3    None
 Gell's Gravitas          Tloc           ###.......   8%          3    None
 Yara's Violent Unravell  Hex/Tmut       ###.......   16%         5    ###....
 Lesser Beckoning         Tloc           ###.......   8%          3    None
 Poisonous Vapours        Pois/Air       ###...       4%          2    None
 Borgnjor's Vile Clutch   Necr/Erth      #######...   1%          5    ###....


Dungeon Overview and Level Annotations

Branches:
Dungeon (15/15)            Temple (1/1) D:6            Lair (6/6) D:8
 Shoals (4/4) Lair:4       Spider (4/4) Lair:2        Slime (0/5) Lair:6
    Orc (2/2) D:10            Elf (0/3) Orc:2        Vaults (5/5) D:13
  Crypt (0/3) Vaults:3     Depths (0/5) D:15

Altars:
Ashenzari
Cheibriados
Dithmenos
Elyvilon
Fedhas
Gozag
Hepliaklqana
Kikubaaqudgha
Makhleb
Nemelex Xobeh
Okawaru
Qazlal
Ru
Sif Muna
Trog
Uskayaw
Vehumet
Wu Jian
Xom
Yredelemnul
Zin
The Shining One
Beogh

Shops:
D:12 [   D:13 *   Orc:2 *:[=   Vaults:1 [:   Vaults:3 [}!}

Annotations:
D:5 Thormy's ghost, novice HuSk
D:7 2 transporters, Vlans's ghost, novice DEWz
Lair:2 exclusion: oklob plant
Spider:2 exclusion: downstairs


Innate Abilities, Weirdness & Mutations

You are resistant to torment.
Your stone body is resilient. (AC +16)
You are immune to poison.
Your large and strong wings let you fly indefinitely.
You resist negative energy. (rN+)
You are resistant to electric shocks. (rElec)
You can survive without breathing.
You are immune to petrification.
You are immune to rotting.
Your body sometimes deteriorates upon taking damage.


Message History

A two-headed ogre comes into view.
It is wielding a giant spiked club and a giant club.
The two-headed ogre shouts in stereo!
You hear a shout!
An ogre comes into view. It is wielding a giant club.
A stone giant comes into view.
You block the ogre's attack. The two-headed ogre closely misses you.
You block the two-headed ogre's attack.
An ogre comes into view. It is wielding a giant club.
The stone giant throws a large rock.
The large rock barely misses you.
The ogre shouts!
The ogre hits you but does no damage.
You start to feel less resistant.
You block the ogre's attack.
Found 3 arrows.
The sphinx casts a spell.
Something smites you!
* * * LOW HITPOINT WARNING * * *
Okay, then.
The sphinx casts a spell.
Something smites you!
You die...

%.)# ...## . # .%.† .#
.#..# ...#..#. ..#..#
.%.#p#.# #.#..# )))%.)..
..C..# ))..%###
###################....#
<<%%....
...........O..O........#
))<.%%%.
.....(.@..O.H.C........#
<<%)....
.............O.........#
)))..%C.
...............(.......#
.).%p###
###################....#
...%.%. ..........#
...#p... .......#..#
%%.#.%## #####..#..#
#..#..# #..#..#


You could see a sphinx, a stone giant, a two-headed ogre and 3 ogres.

Vanquished Creatures
  Bai Suzhen (Spider:3)
  Nikola (Shoals:2)
  Asterion (Spider:3)
  A quicksilver dragon (Vaults:5)
  A titan (Vaults:3)
  A kraken (Shoals:2)
  Gastronok (Lair:1)
  A storm dragon (Vaults:3)
  Polyphemus (Shoals:4)
  Ilsuiw (Shoals:2)
  Kirke (Spider:2)
  A shadow dragon (Vaults:5)
  3 fire giants
  A frost giant (Vaults:4)
  4 ghost moths
  3 deep elf sorcerers
  11 vault wardens
  7 emperor scorpions
  10 stone giants
  14 ironheart preservers
  2 very ugly things (Vaults:4)
  2 deep elf demonologists (Vaults:1)
  2 entropy weavers (Vaults:4)
  A spark wasp (Spider:4)
  Azrael (Orc:1)
  2 deep elf death magi
  3 ettins
  4 merfolk javelineers
  An ettin (shapeshifter) (Vaults:3)
  A fire dragon (Vaults:3)
  6 yaktaur captains
  Fannar (D:12)
  3 merfolk impalers
  2 great orbs of eyes
  A deep elf high priest (Vaults:5)
  9 hydras
  2 ice dragons
  37 vault guards
  A rakshasa (Vaults:2)
  A catoblepas (Shoals:3)
  An alligator snapping turtle (Shoals:4)
  2 satyrs (Shoals:4)
  A death knight (D:15)
  7 centaur warriors
  2 merfolk avatars
  7 ogre magi
  A queen ant (Lair:1)
  Urug (D:12)
  6 merfolk aquamancers
  4 death yaks
  A deep troll shaman (Vaults:2)
  A tengu warrior (D:9)
  23 two-headed ogres
  A deep troll earth mage (Vaults:1)
  4 orc high priests (Orc:2)
  6 deep elf knights
  Sonja (Lair:4)
  3 skeletal warriors (Vaults:1)
  7 sea snakes
  9 deep trolls
  A glowing orange brain (shapeshifter) (Vaults:5)
  6 unseen horrors
  A spectral wolf spider (Spider:4)
  4 deep elf archers
  2 necromancers
  A wizard (D:15)
  14 ironbrand convokers
  15 orc knights
  16 harpies
  11 orb spiders
  29 ugly things
  9 deep elf magi
  12 fauns
  6 orc sorcerers
  33 wolf spiders
  8 oklob plants
  10 cyclopes
  A black mamba (Lair:4)
  A shadow dragon skeleton (Vaults:2)
  15 manticores
  A black mamba (shapeshifter) (D:14)
  2 centaur zombies (D:12)
  8 merfolk sirens
  3 water nymphs
  A guardian serpent (shapeshifter) (Vaults:3)
  2 gargoyles
  2 ice statues (IceCv)
  11 vault sentinels
  A spectral redback (Spider:4)
  25 spiny frogs
  4 rime drakes
  12 komodo dragons
  23 yaktaurs
  A kobold demonologist (D:15)
  3 freezing wraiths
  11 ice devils (IceCv)
  12 demonic crawlers
  A queen bee (Lair:4)
  3 meliai
  24 merfolk
  6 trolls
  36 jumping spiders
  6 polar bears
  A wolf spider simulacrum (Spider:4)
  A hornet (shapeshifter) (Vaults:1)
  6 wind drakes
  4 tyrant leeches (Lair:6)
  16 slime creatures
  34 blink frogs
  Grinder (D:5)
  3 dream sheep (Shoals:3)
  6 hornets
  14 hippogriffs
  8 snapping turtles
  41 redbacks
  3 vampires
  A centaur simulacrum (D:10)
  26 tarantellas
  3 yaks (shapeshifter) (Vaults:3)
  An ettin skeleton (Vaults:2)
  A tarantella (shapeshifter) (Vaults:3)
  A wraith (D:13)
  A shadow (D:14)
  11 water elementals
  3 wyverns
  30 yaks
  5 basilisks
  A steam dragon (Lair:5)
  Eustachio (D:5)
  3 fire elementals
  2 hungry ghosts
  Menkaure (D:4)
  A warg (Orc:1)
  12 vampire mosquitoes
  8 soldier ants
  2 hell hounds
  10 acid dragons
  12 water moccasins
  6 porcupines
  Duvessa (D:5)
  A jumping spider simulacrum (Spider:4)
  A hornet zombie (D:15)
  3 phantoms
  8 ice beasts
  3 sky beasts
  2 black bears
  An eye of draining (shapeshifter) (Vaults:3)
  28 orc warriors
  2 boggarts (Vaults:2)
  6 wolves
  18 centaurs
  An eye of draining (D:14)
  25 ogres
  19 crocodiles
  Blork the orc (D:5)
  4 big kobolds
  32 bullfrogs
  2 gnoll sergeants
  Dowan (D:5)
  A deep troll simulacrum (Vaults:2)
  An orb spider simulacrum (Spider:4)
  5 scorpions
  A wyvern skeleton (D:9)
  A hornet simulacrum (D:10)
  22 killer bees
  10 wights
  8 howler monkeys
  5 electric eels
  6 crimson imps
  4 bullfrog zombies
  A lava snake (D:11)
  A human simulacrum (Vaults:2)
  5 hounds
  3 jellies
  18 orc priests
  A bullfrog skeleton (D:10)
  6 centaur skeletons
  7 iguanas
  Terence (D:3)
  Ijyb (D:5)
  28 orc wizards
  24 worker ants
  5 hell rats (Lair:3)
  A bullfrog simulacrum (D:10)
  A howler monkey zombie (D:5)
  A killer bee simulacrum (D:10)
  3 worker ant zombies
  A howler monkey skeleton (D:5)
  8 gnolls
  3 river rats
  14 adders
  A shadow imp (D:10)
  12 white imps
  6 ufetubi
  An adder skeleton (D:4)
  2 adder zombies
  2 worms
  2 leopard geckos
  91 orcs
  6 ball pythons
  8 bats
  4 giant cockroaches
  A goblin (D:3)
  8 hobgoblins
  5 jackals (D:4)
  5 quokkas
  6 frilled lizards
  32 kobolds
  A leopard gecko skeleton (D:5)
  2 quokka skeletons
  A quokka zombie (D:8)
  36 rats
  A plant (Shoals:4)
  5 tentacles (Shoals:2)
1502 creatures vanquished.

Vanquished Creatures (collateral kills)
  Mennas (Vaults:3)
  A lich (Vaults:5)
  A kraken (Shoals:4)
  The ghost of Opyr Etu the Warrior, an adept DsWn of Kikubaaqudgha (Spider:4)
  A sphinx (Vaults:5)
  3 ironheart preservers
  An emperor scorpion (Spider:3)
  A merfolk javelineer (Shoals:2)
  2 merfolk impalers
  4 slime creatures
  An alligator snapping turtle (Shoals:4)
  3 satyrs
  A deep elf knight (Vaults:1)
  5 skeletal warriors (Vaults:2)
  2 sea snakes
  A spectral wolf spider (Spider:4)
  A deep elf archer (Vaults:1)
  2 harpies (Shoals:1)
  5 fauns
  3 orb spiders
  3 deep elf magi
  2 cyclopes
  9 wolf spiders
  2 manticores (Shoals:4)
  2 vault sentinels
  2 merfolk sirens (Shoals:2)
  2 yaktaurs (Vaults:1)
  A spectral redback (Spider:4)
  4 demonic crawlers
  8 jumping spiders
  6 merfolk
  A wind drake (Shoals:3)
  4 hornets
  A spectral jumping spider (Spider:4)
  13 tarantellas
  20 redbacks
  A wraith (Vaults:1)
  A spectral orb spider (Spider:4)
  A jumping spider simulacrum (Spider:4)
  A boggart (Vaults:2)
  A centaur (Vaults:1)
  2 plants (Shoals:4)
  A tentacle (Shoals:2)
128 creatures vanquished.

Vanquished Creatures (others)
  A reaper (IceCv)
  A merfolk siren (Shoals:2)
  3 humans (Spider:2)
  A boggart (Vaults:2)
  2 white imps (IceCv)
  3 ufetubi (IceCv)
  20 fungi
  80 plants
  38 tentacles
149 creatures vanquished.

Grand Total: 1779 creatures vanquished

Notes
Turn   | Place    | Note
-------+----------+-------------------------------------------
     0 | D:1      | Cunctator the Gargoyle Earth Elementalist began the quest for the Orb.
     0 | D:1      | Reached XP level 1. HP: 10/10 MP: 3/3
   652 | D:1      | Reached XP level 2. HP: 15/15 MP: 5/5
   661 | D:1      | Reached skill level 4 in Earth Magic
  1817 | D:2      | Reached XP level 3. HP: 17/19 MP: 5/7
  1830 | D:2      | Learned a level 3 spell: Stone Arrow
  2418 | D:3      | Noticed Terence
  2530 | D:3      | Reached skill level 1 in Conjurations
  2530 | D:3      | Reached XP level 4. HP: 24/24 MP: 4/8
  2532 | D:3      | Found a glowing drain.
  2595 | Sewer    | Entered a sewer
  3026 | Sewer    | Reached skill level 5 in Earth Magic
  3061 | Sewer    | Reached XP level 5. HP: 28/28 MP: 0/9
  3313 | Sewer    | Noticed a big kobold
  3322 | Sewer    | Killed a big kobold
  3322 | Sewer    | Reached skill level 1 in Fighting
  3457 | Sewer    | Noticed a big kobold
  3469 | Sewer    | Killed a big kobold
  3469 | Sewer    | Reached XP level 6. HP: 35/35 MP: 0/10
  4059 | D:3      | Learned a level 5 spell: Lee's Rapid Deconstruction
  4064 | D:3      | Killed Terence
  4278 | D:4      | Noticed Menkaure
  4402 | D:4      | Reached skill level 6 in Earth Magic
  4616 | D:4      | Reached XP level 7. HP: 35/41 MP: 8/11
  5434 | D:4      | Found a stormy altar of Qazlal.
  5674 | D:5      | Entered Level 5 of the Dungeon
  5821 | D:5      | Noticed Duvessa
  5827 | D:5      | Noticed Ijyb
  5835 | D:5      | Killed Duvessa
  5835 | D:5      | Reached skill level 7 in Earth Magic
  5835 | D:5      | Noticed Dowan
  5837 | D:5      | Killed Ijyb
  5844 | D:5      | Killed Dowan
  5844 | D:5      | Reached skill level 5 in Conjurations
  5844 | D:5      | Reached XP level 8. HP: 24/48 MP: 4/12
  6119 | D:5      | Found a runed gate.
  6119 | D:5      | Found a runed gate.
  6119 | D:5      | Found a runed gate.
  6122 | D:5      | Noticed Thormy's ghost (novice HuSk)
  6125 | D:5      | Found a roughly hewn altar of Beogh.
  6135 | D:5      | Noticed Eustachio
  6140 | D:5      | Killed Eustachio
  6172 | D:5      | Noticed Blork the orc
  6178 | D:5      | Killed Blork the orc
  6178 | D:5      | Reached skill level 5 in Fighting
  6485 | D:5      | Reached skill level 8 in Earth Magic
  6620 | D:5      | Noticed Grinder
  6900 | D:5      | Paralysed by Grinder for 4 turns
  6923 | D:5      | Paralysed by Grinder for 3 turns
  6929 | D:5      | Killed Grinder
  7085 | D:5      | Reached XP level 9. HP: 43/54 MP: 2/15
  7770 | D:4      | Found a hide-covered altar of Uskayaw.
  7771 | D:4      | Found a snail-covered altar of Cheibriados.
  7841 | D:4      | Found a sparkling altar of Nemelex Xobeh.
  7841 | D:4      | Found an opulent altar of Gozag.
  7957 | D:4      | Killed Menkaure
  8181 | D:6      | Reached skill level 9 in Earth Magic
  8274 | D:6      | Reached skill level 5 in Spellcasting
  8401 | D:6      | Found a staircase to the Ecumenical Temple.
  8461 | Temple   | Entered the Ecumenical Temple
  8469 | Temple   | Became a worshipper of Vehumet
  9287 | D:7      | Found a transporter.
  9287 | D:7      | Noticed Vlans's ghost (novice DEWz)
  9484 | D:7      | Found a transporter.
  9750 | D:7      | Found a glowing silver altar of Zin.
  9958 | D:7      | Reached skill level 10 in Earth Magic
 10522 | D:7      | Reached XP level 10. HP: 59/59 MP: 2/19
 11169 | D:5      | Reached skill level 1 in Maces & Flails
 11169 | D:5      | Reached skill level 1 in Shields
 11890 | D:8      | Reached * piety under Vehumet
 11890 | D:8      | Offered knowledge of Sting by Vehumet.
 12006 | D:8      | Noticed a two-headed ogre
 12014 | D:8      | Killed a two-headed ogre
 12413 | D:8      | Found a staircase to the Lair.
 12980 | D:8      | Reached skill level 5 in Shields
 13383 | D:9      | Offered knowledge of Flame Tongue by Vehumet.
 13390 | D:9      | Reached ** piety under Vehumet
 13455 | D:9      | Learned a level 5 spell: Lee's Rapid Deconstruction
 13555 | D:9      | Found a bloodstained altar of Trog.
 13570 | D:9      | Found a shimmering altar of Xom.
 13617 | D:9      | Reached XP level 11. HP: 63/63 MP: 14/20
 13936 | D:9      | Found a blossoming altar of Fedhas.
 14393 | D:9      | Found a basalt altar of Yredelemnul.
 14569 | D:9      | Found a white marble altar of Elyvilon.
 14736 | D:9      | Offered knowledge of Mephitic Cloud by Vehumet.
 15013 | D:10     | Entered Level 10 of the Dungeon
 15043 | D:10     | Reached skill level 11 in Earth Magic
 15073 | D:10     | Reached skill level 1 in Staves
 15073 | D:10     | Reached skill level 10 in Conjurations
 15246 | D:10     | Reached *** piety under Vehumet
 15307 | D:10     | Upgraded the game from 0.22-a0-849-gb5684aa to 0.22-a0-866-geee5034
 15813 | D:10     | Offered knowledge of Throw Icicle by Vehumet.
 16088 | D:10     | Found a staircase to the Orcish Mines.
 16420 | D:11     | Noticed a two-headed ogre
 16420 | D:11     | Noticed a two-headed ogre
 16422 | D:11     | Killed a two-headed ogre
 16561 | D:9      | Noticed a tengu warrior
 16589 | D:9      | Killed a tengu warrior
 16960 | D:11     | Noticed a four-headed hydra
 17276 | D:11     | Reached **** piety under Vehumet
 17541 | D:11     | Reached XP level 12. HP: 68/68 MP: 8/22
 17752 | D:11     | Noticed a two-headed ogre
 17764 | D:11     | Killed a two-headed ogre
 17775 | D:11     | Reached skill level 12 in Earth Magic
 18054 | D:10     | Killed a two-headed ogre
 19469 | Lair:1   | Entered Level 1 of the Lair of Beasts
 19654 | Lair:1   | Noticed Gastronok
 19681 | Lair:1   | Killed Gastronok
 20131 | Lair:1   | Reached skill level 1 in Armour
 20285 | Lair:1   | Offered knowledge of Force Lance by Vehumet.
 20285 | Lair:1   | Reached skill level 5 in Maces & Flails
 20708 | Lair:2   | Found a hole to the Spider Nest.
 21209 | Lair:2   | Noticed an eight-headed hydra
 21430 | Lair:2   | Reached XP level 13. HP: 71/76 MP: 8/25
 21527 | Lair:2   | Reached skill level 10 in Shields
 23530 | Lair:3   | Reached ***** piety under Vehumet
 24279 | Lair:4   | Reached skill level 5 in Armour
 24353 | Lair:4   | Offered knowledge of Irradiate by Vehumet.
 24821 | Lair:4   | Reached skill level 5 in Staves
 25467 | Lair:4   | Noticed Sonja
 25477 | Lair:4   | Killed Sonja
 26276 | Lair:4   | Found a staircase to the Shoals.
 26701 | Lair:5   | Found a frozen archway.
 26873 | IceCv    | Entered an ice cave
 26970 | IceCv    | Killed a reaper
 26995 | IceCv    | Gained mutation: Your large and strong wings let you fly indefinitely. [Gargoyle growth]
 26995 | IceCv    | Reached XP level 14. HP: 80/80 MP: 7/27
 28441 | Lair:5   | Offered knowledge of Iron Shot by Vehumet.
 28452 | Lair:5   | Learned a level 6 spell: Iron Shot
 29599 | Lair:6   | Entered Level 6 of the Lair of Beasts
 30632 | Lair:5   | Offered knowledge of Venom Bolt by Vehumet.
 31000 | Lair:6   | Found a staircase to the Slime Pits.
 31564 | Lair:6   | Found the ring of the Mage {Wiz MR++ Int+3}
 32355 | Orc:1    | Entered Level 1 of the Orcish Mines
 32756 | Orc:1    | Noticed a stone giant
 32914 | Orc:1    | Killed a stone giant
 32914 | Orc:1    | Reached skill level 13 in Earth Magic
 32914 | Orc:1    | Reached XP level 15. HP: 43/85 MP: 18/28
 33202 | Orc:1    | Found a roughly hewn altar of Beogh.
 33357 | Orc:2    | Entered Level 2 of the Orcish Mines
 33360 | Orc:2    | Noticed Azrael
 33644 | Orc:1    | Killed Azrael
 34272 | Orc:2    | Found a roughly hewn altar of Beogh.
 35726 | Orc:2    | Found Fix Hivy's Book Shop.
 35726 | Orc:2    | Found Ipuopaq's General Store.
 35737 | Orc:2    | Found Toffoj's Armour Emporium.
 35737 | Orc:2    | Found Ehinacuz's Jewellery Shop.
 35756 | Orc:2    | Upgraded the game from 0.22-a0-866-geee5034 to 0.22-a0-872-g6a232dd
 35756 | Orc:2    | Bought a book of Power for 765 gold pieces
 35768 | Orc:2    | Upgraded the game from 0.22-a0-872-g6a232dd to 0.22-a0-874-g9cf2c4c
 36044 | Orc:2    | Found a staircase to the Elven Halls.
 36568 | Spider:1 | Entered Level 1 of the Spider Nest
 36568 | Spider:1 | Noticed an emperor scorpion
 37267 | D:12     | Noticed Urug
 37269 | D:12     | Killed Urug
 38062 | D:12     | Noticed Fannar
 38076 | D:12     | Killed Fannar
 38076 | D:12     | Reached skill level 10 in Armour
 38334 | D:12     | Learned a level 7 spell: Spellforged Servitor
 38597 | D:12     | Reached skill level 1 in Summonings
 38800 | D:12     | Found Tuziph's Armour Shoppe.
 39296 | D:13     | Found a gate to the Vaults.
 39407 | D:13     | Upgraded the game from 0.22-a0-874-g9cf2c4c to 0.22-a0-875-gebc8d61
 39701 | D:13     | Found Ril Ruhi's General Store.
 40083 | D:14     | Offered knowledge of Bolt of Cold by Vehumet.
 40473 | D:14     | Reached skill level 5 in Summonings
 41049 | D:14     | Found a runed warning-scrawled door.
 41067 | D:14     | Found a runed door.
 41071 | D:14     | Found a runed door.
 41644 | D:14     | Identified the Collected Works on Earthen Boosts
 41792 | D:15     | Entered Level 15 of the Dungeon
 41977 | D:15     | Reached XP level 16. HP: 90/90 MP: 10/29
 42849 | D:15     | Found an ornate altar of the Wu Jian Council.
 43000 | D:15     | Found a staircase to the Depths.
 43945 | Shoals:1 | Entered Level 1 of the Shoals
 45859 | Shoals:2 | Reached skill level 10 in Summonings
 46631 | Shoals:2 | Noticed Nikola
 46632 | Shoals:2 | Noticed Ilsuiw
 47044 | Shoals:2 | Noticed a kraken
 47381 | Shoals:2 | Killed Ilsuiw
 47678 | Shoals:2 | Killed a kraken
 47845 | Shoals:2 | Killed Nikola
 48153 | Shoals:2 | Upgraded the game from 0.22-a0-875-gebc8d61 to 0.22-a0-877-g5c4e1af
 48174 | Shoals:3 | Offered knowledge of Ozocubu's Refrigeration by Vehumet.
 49271 | Shoals:3 | Reached XP level 17. HP: 84/95 MP: 18/30
 49852 | Shoals:4 | Entered Level 4 of the Shoals
 50731 | Shoals:4 | Reached skill level 14 in Earth Magic
 51153 | Shoals:4 | Noticed Polyphemus
 51307 | Shoals:4 | Killed Polyphemus
 52684 | Shoals:4 | Reached skill level 10 in Spellcasting
 52945 | Shoals:4 | Identified the Incunabulum of Augmentations and Poison
 53114 | Shoals:4 | Noticed a kraken
 53204 | Shoals:4 | Killed a kraken
 53204 | Shoals:4 | Offered knowledge of Freezing Cloud by Vehumet.
 53925 | Shoals:4 | Got a barnacled rune of Zot
 54374 | Spider:1 | Reached ****** piety under Vehumet
 54429 | Spider:1 | Reached skill level 15 in Earth Magic
 55642 | Spider:2 | Offered knowledge of Bolt of Fire by Vehumet.
 55651 | Spider:2 | Reached XP level 18. HP: 83/100 MP: 30/32
 56280 | Spider:2 | Noticed Kirke
 56295 | Spider:2 | Killed Kirke
 56435 | Spider:1 | Upgraded the game from 0.22-a0-877-g5c4e1af to 0.22-a0-880-gb7b0c8b
 57015 | Spider:3 | Noticed Asterion
 57567 | Spider:4 | Entered Level 4 of the Spider Nest
 57599 | Spider:4 | Reached skill level 15 in Shields
 58000 | Spider:4 | Reached skill level 1 in Evocations
 58007 | Spider:4 | Noticed Bai Suzhen
 58660 | Spider:3 | Killed Asterion
 59596 | Spider:3 | Reached skill level 16 in Earth Magic
 60994 | Spider:3 | Offered knowledge of Lehudib's Crystal Spear by Vehumet.
 60994 | Spider:3 | Offered knowledge of Glaciate by Vehumet.
 60994 | Spider:3 | Offered knowledge of Shatter by Vehumet.
 61167 | Spider:3 | Killed Bai Suzhen
 61493 | Spider:4 | Got a gossamer rune of Zot
 61900 | Spider:4 | Found a runed gate.
 61900 | Spider:4 | Found a runed gate.
 61900 | Spider:4 | Found a runed gate.
 61902 | Spider:4 | Noticed Opyr Etu's ghost (adept DsWn)
 62042 | Spider:4 | Killed Opyr Etu's ghost
 62042 | Spider:4 | Reached XP level 19. HP: 39/104 MP: 1/34
 62526 | Spider:1 | You are sucked into a shaft!
 62741 | Vaults:1 | Entered Level 1 of the Vaults
 62801 | Vaults:1 | Reached skill level 5 in Evocations
 63086 | Vaults:1 | Found Qiwidgh's Antique Armour Shoppe.
 63126 | Vaults:1 | Reached skill level 17 in Earth Magic
 63712 | Vaults:1 | Noticed a Brimstone Fiend
 63713 | Vaults:1 | Noticed a Hell Sentinel
 63740 | Vaults:1 | Reached skill level 18 in Earth Magic
 63743 | Vaults:1 | Gained mutation: Your body sometimes deteriorates upon taking damage. [a neqoxec]
 64627 | Vaults:1 | Found Zotowean's Book Emporium.
 65079 | Vaults:1 | Reached skill level 19 in Earth Magic
 66031 | Vaults:2 | Reached skill level 20 in Earth Magic
 66381 | Vaults:2 | Reached XP level 20. HP: 109/109 MP: 12/35
 67187 | Vaults:2 | Reached skill level 21 in Earth Magic
 68600 | Vaults:3 | Reached skill level 22 in Earth Magic
 68702 | Vaults:3 | Found Vuhaw's Gadget Shoppe.
 69239 | Vaults:3 | Found Xikhly's Armour Emporium.
 70470 | Vaults:3 | Found Falanag's Gadget Boutique.
 70471 | Vaults:3 | Noticed Mennas
 70506 | Vaults:3 | Killed Mennas
 70506 | Vaults:3 | Reached skill level 23 in Earth Magic
 70517 | Vaults:3 | Learned a level 9 spell: Shatter
 70723 | Vaults:3 | Found Qiurch's Distillery.
 70808 | Vaults:3 | Reached XP level 21. HP: 114/114 MP: 34/36
 71284 | Vaults:3 | Found a staircase to the Crypt.
 71284 | Vaults:3 | Found an ancient bone altar of Kikubaaqudgha.
 71285 | Vaults:3 | Found a basalt altar of Yredelemnul.
 72539 | Vaults:4 | Reached skill level 24 in Earth Magic
 74456 | Vaults:5 | Entered Level 5 of the Vaults
 74460 | Vaults:5 | Reached skill level 25 in Earth Magic
 74790 | Vaults:5 | Noticed a golden dragon
 74866 | Vaults:5 | Killed from afar by a sphinx

Vault maps used:
D:1:      nagdon_arrival_zigzag_paths
D:2:      first_ration
D:3:      portal_sewer_entry_c, uniq_terence
D:4:      grunt_temple_overflow_opulence, gammafunk_temple_overflow_statue,
          kennysheep_mini, uniq_menkaure
D:5:      biasface_ghost_orc_armoury, sword_in_stone, uniq_duvessa, uniq_ijyb,
          uniq_grinder
D:6:      temple_green
D:7:      minmay_opposing_rooms, zin_academy, gammafunk_ghost_mausoleum
D:8:      minmay_lair_entry_grove
D:9:      minmay_the_grid_four_pointed_star, lemuel_doored_altar,
          elyvilon_altar_1, grunt_temple_overflow_open, serial_aquarium,
          aquarium_bridge_square, aquarium_bridge_square, aquarium_window_2,
          aquarium_window_3, aquarium_view_2d
D:10:     orc_0_dummy, serial_ice, serial_ice_n, serial_ice_f, serial_ice_i,
          serial_ice_m, serial_ice_d, serial_ice_e, serial_ice_g
D:11:     kennysheep_generic_room_16
D:12:     serial_shops, shop, hangedman_pestilent_swarm, minmay_radiant,
          uniq_urug, uniq_fannar
D:13:     david_vaults_5, serial_shops, shop
D:14:     infiniplex_staircase_spiral_double, mikee_hates_you
D:15:     grunt_enter_depths_snipers, lemuel_tele_altar
Temple:   nicolae_temple_no_exploring_needed
Lair:1:   uniq_gastronok
Lair:2:   spider_nest_entry_rubble, minmay_lair_oklob_items,
          minmay_another_anthill
Lair:3:   minivault_11, serial_bayou_shore_a
Lair:4:   minmay_shoals_entry_hut, beast_lair_carwin_5,
          minmay_lair_oklob_chamber, infiniplex_staircase_pool_2, uniq_sonja
Lair:5:   portal_ice_cave_rime
Lair:6:   minmay_lair_end_frog_pond, minmay_slime_entry_oklob_enclosed,
          lemuel_fruit_tree
Shoals:1: nicolae_shoals_wave_tunnel
Shoals:2: uniq_ilsuiw, uniq_nikola
Shoals:4: shoals_end_grunt_garden, uniq_polyphemus
Spider:2: special_room, nicolae_spider_webs_and_nodes,
          nicolae_spider_circle_web, uniq_kirke
Spider:3: uniq_asterion
Spider:4: spider_rune_water, gammafunk_ghost_necromancy, uniq_bai_suzhen
Orc:1:    basic_altar
Orc:2:    grunt_orc_tribal_feast, mines1_david, uniq_azrael
Vaults:1: vaults_standard_mumra_enter_the_diamond, ontoclasm_vaults_idyll,
          nicolae_vaults_angled_halls, nicolae_vaults_specimen_jars,
          vaults_mumra_lcd, v_alt_pattern_2, grunt_vaults_diagonal,
          nicolae_vaults_windows_and_doors_thing,
          vaults_room_grunt_arrival_checkpoint, hangedman_vaults_slice,
          v_alt_pattern_6, serial_shops, shop_fountains, shop_statue
Vaults:2: vaults_room_corners, ontoclasm_vaults_eye,
          nicolae_vaults_diagonal_hallway_8, v_misc_11, v_pattern_5,
          vaults_room_ringed_pool, nicolae_vaults_little_squares_3, v_misc_11,
          vaults_room_grid, hangedman_vaults_impose,
          nicolae_vaults_shelves_hall, hangedman_vaults_snaps
Vaults:3: st_octagons_1, minmay_crypt_entry_necro_gods, vaults_room_fours,
          ontoclasm_vaults_spin, hangedman_vaults_restitches,
          dpeg_vaults_monster_box, serial_ice_b, vaults_dpeg_cross,
          serial_shops, nicolae_shop_behind_doors, shop, shop_coins,
          shop_statue, uniq_mennas
Vaults:4: vaults_room_large_hall, v_misc_18, vaults_room_fancy_cross,
          nicolae_vaults_big_angled_halls, ontoclasm_vaults_claustrophobia,
          vaults_dpeg_hooks, vaults_standard_mumra_lines,
          nicolae_vaults_network_s, hangedman_vaults_stitches,
          nicolae_vaults_little_squares_1, vaults_room_octagon
Vaults:5: uniq_frederick
Sewer:    sewer_minmay_treatment
IceCv:    ice_cave_small_demon

Skill      XL: |  1  2  3  4  5  6  7  8  9 10 11 12 13 14 15 16 17 18 19 20 21 |
---------------+----------------------------------------------------------------+-----
Earth Magic    | 4 5 6 7 8 10 11 12 13 15 16 20 23 25 | 25.6
Spellcasting   | 3 4 6 7 8 9 10 11 | 11.5
Conjurations   | 1 3 5 6 8 9 10 11 12 13 14 | 14.5
Fighting       | 2 3 4 5 6 |  6.9
Maces & Flails | 4 5 6 7 9 |  9.3
Shields        | 5 7 9 11 12 13 14 15 | 15.0
Staves         | 3 4 5 6 |  6.7
Armour         | 3 6 8 10 | 10.0
Summonings     | 6 11 12 | 12.0
Evocations     | 4 5 |  5.0
Dodging        | |  1.5
Stealth        | |  2.1
Transmutations | |  0.7

Action                   |  1- 3 |  4- 6 |  7- 9 | 10-12 | 13-15 | 16-18 | 19-21 || total
-------------------------+-------+-------+-------+-------+-------+-------+-------++-------
Melee: Unarmed           |    26 |       |       |       |       |       |       ||    26
       Club              |    34 |       |       |       |       |       |       ||    34
       Whip              |    24 |   117 |   195 |   205 |    17 |       |       ||   558
       Quarterstaff      |       |       |       |    46 |       |       |       ||    46
       Staff             |       |       |       |       |   235 |   173 |     9 ||   417
       Demon whip        |       |       |       |       |     4 |   375 |   655 ||  1034
 Fire: Blowgun           |       |       |       |       |       |     6 |       ||     6
Throw: Stone             |       |       |       |       |       |       |     1 ||     1
 Cast: Sandblast         |    19 |    18 |    39 |    57 |   194 |       |       ||   327
       Stone Arrow       |     4 |    24 |    69 |   301 |   520 |   327 |   155 ||  1400
       Lee's Rapid Decon |       |       |     8 |    48 |   102 |    79 |   145 ||   382
       Iron Shot         |       |       |       |       |   154 |   405 |   163 ||   722
       Spellforged Servi |       |       |       |       |     2 |    47 |    16 ||    65
       Shatter           |       |       |       |       |       |       |     6 ||     6
 Abil: Stop Flying       |       |       |       |     1 |       |       |       ||     1
       Evoke Flight      |       |       |       |     1 |       |       |       ||     1
Evoke: Lamp of fire      |       |       |       |       |       |     2 |       ||     2
       Wand              |       |       |       |       |       |     1 |       ||     1
  Use: Scroll            |       |     2 |     7 |    15 |    12 |    28 |    14 ||    78
       Potion            |       |       |     2 |       |     3 |    14 |     7 ||    26
 Stab: Sleeping          |     4 |     2 |     5 |     4 |       |       |       ||    15
       Distracted        |       |       |     1 |     1 |       |     3 |     1 ||     6
  Eat: Chunk             |     6 |     8 |    21 |    33 |   105 |   122 |    99 ||   394
       Ration            |       |       |     2 |     5 |    12 |    29 |     2 ||    50
Armor: Robe              |    30 |    54 |   115 |   131 |       |       |       ||   330
       Leather armour    |       |       |       |    85 |    82 |       |       ||   167
       Steam dragon scal |       |       |       |       |   105 |       |       ||   105
       Quicksilver drago |       |       |       |       |   168 |   919 |   235 ||  1322
Dodge: Dodged            |    75 |    87 |   164 |   201 |   281 |   450 |   147 ||  1405
       Deflected         |       |       |       |     7 |    36 |    62 |    29 ||   134
Block: Shield            |       |       |       |    54 |   486 |   872 |   487 ||  1899

Table legend:
 A = Spawn XP
 B = Non-spawn XP
 C = Spawn XP percentage of total XP
 D = Spawn monster count
 E = Non-spawn monster count
 F = Spawn count percentage of total count
 G = Total turns spent on level
                    A         B        C        D         E        F      G
               +---------+---------+-------+---------+---------+-------+---------
         Total |       0 |  585463 |   0.0 |       0 |    1622 |   0.0 | 74866
               +---------+---------+-------+---------+---------+-------+---------
           D:1 |       0 |      14 |   0.0 |       0 |      10 |   0.0 |  1149
           D:2 |       0 |      39 |   0.0 |       0 |      19 |   0.0 |  1147
           D:3 |       0 |     171 |   0.0 |       0 |      25 |   0.0 |  1060
           D:4 |       0 |     845 |   0.0 |       0 |      32 |   0.0 |  2282
           D:5 |       0 |    1376 |   0.0 |       0 |      38 |   0.0 |  2196
           D:6 |       0 |     742 |   0.0 |       0 |      17 |   0.0 |  1269
           D:7 |       0 |    1412 |   0.0 |       0 |      22 |   0.0 |  1709
           D:8 |       0 |    3870 |   0.0 |       0 |      30 |   0.0 |  1647
           D:9 |       0 |    3782 |   0.0 |       0 |      44 |   0.0 |  1961
          D:10 |       0 |    5738 |   0.0 |       0 |      44 |   0.0 |  2743
          D:11 |       0 |    5667 |   0.0 |       0 |      36 |   0.0 |  2253
          D:12 |       0 |    9464 |   0.0 |       0 |      28 |   0.0 |  1632
          D:13 |       0 |    5542 |   0.0 |       0 |      22 |   0.0 |  1471
          D:14 |       0 |   11828 |   0.0 |       0 |      39 |   0.0 |  2053
          D:15 |       0 |   12398 |   0.0 |       0 |      36 |   0.0 |  1404
        Lair:1 |       0 |    6036 |   0.0 |       0 |      18 |   0.0 |  1710
        Lair:2 |       0 |    8362 |   0.0 |       0 |      45 |   0.0 |  2873
        Lair:3 |       0 |    5323 |   0.0 |       0 |      30 |   0.0 |  1725
        Lair:4 |       0 |   12520 |   0.0 |       0 |      54 |   0.0 |  2875
        Lair:5 |       0 |   10248 |   0.0 |       0 |      39 |   0.0 |  2067
        Lair:6 |       0 |   16223 |   0.0 |       0 |      58 |   0.0 |  2121
      Shoals:1 |       0 |    8276 |   0.0 |       0 |      25 |   0.0 |  2242
      Shoals:2 |       0 |   21371 |   0.0 |       0 |      34 |   0.0 |  2411
      Shoals:3 |       0 |   20798 |   0.0 |       0 |      40 |   0.0 |  3458
      Shoals:4 |       0 |   33175 |   0.0 |       0 |      61 |   0.0 |  2202
      Spider:1 |       0 |   15626 |   0.0 |       0 |      56 |   0.0 |  1146
      Spider:2 |       0 |   15603 |   0.0 |       0 |      44 |   0.0 |  1383
      Spider:3 |       0 |   24597 |   0.0 |       0 |      50 |   0.0 |  2771
      Spider:4 |       0 |   35129 |   0.0 |       0 |      85 |   0.0 |  2462
         Orc:1 |       0 |    8673 |   0.0 |       0 |      35 |   0.0 |  2615
         Orc:2 |       0 |    8210 |   0.0 |       0 |      46 |   0.0 |  1251
      Vaults:1 |       0 |   53954 |   0.0 |       0 |      93 |   0.0 |  2727
      Vaults:2 |       0 |   66530 |   0.0 |       0 |     115 |   0.0 |  2631
      Vaults:3 |       0 |   60104 |   0.0 |       0 |      82 |   0.0 |  3342
      Vaults:4 |       0 |   41769 |   0.0 |       0 |      55 |   0.0 |  1993
      Vaults:5 |       0 |   45109 |   0.0 |       0 |      41 |   0.0 |   410
         Sewer |       0 |     267 |   0.0 |       0 |      48 |   0.0 |  1052
         IceCv |       0 |    4672 |   0.0 |       0 |      26 |   0.0 |  1407
               +---------+---------+-------+---------+---------+-------+---------
